 Dungeon Crawl Stone Soup version 0.25.0-15-gac7dcb8919 (webtiles) character file.

Game seed: 3315787530455755210

54330 funkygono the Basher (level 14, -2/127 HPs)
             Began as a Minotaur Fighter on June 28, 2020.
             Was a High Priest of Okawaru.
             Slain by melvinkitnick's ghost (15 damage)
             ... on level 13 of the Dungeon.
             The game lasted 01:03:11 (21620 turns).

funkygono the Basher (Minotaur Fighter)            Turns: 21620, Time: 01:03:11

Health: -2/127     AC: 35    Str: 28    XL:     14   Next: 34%
Magic:  17/17      EV: 24    Int: 10    God:    Okawaru [*****.]
Gold:   1598       SH: 19    Dex: 28    Spells: 13/13 levels left

rFire    + . .     SeeInvis .   a - +1 flail (protect)
rCold    x . .     Gourm    .   h - +3 buckler {AC+3}
rNeg     + + +     Faith    .   x - +7 ring mail of the Lion {+Fly rElec rF+}
rPois    +         Spirit   .   (helmet restricted)
rElec    +         Reflect  +   J - +2 cloak {rCorr}
rCorr    +         Harm     .   t - +1 pair of gloves {Str+3}
MR       .....                  I - +2 pair of boots of the Sea {rN+++ MR- Int+5 Dex+2}
Stlth    ++++......             M - amulet "Cociofre" {Reflect rPois rC- rN+ Dex+9 SH+5}
HPRegen  0.31/turn              E - ring of positive energy
MPRegen  0.15/turn              v - +6 ring of dexterity

@: mighty, heroism, protection aura
A: retaliatory headbutt, horns 2
a: Heroism, Finesse, Renounce Religion, Evoke Flight


You were on level 13 of the Dungeon.
You worshipped Okawaru.
Okawaru was extremely pleased with you.
You were not hungry.

You visited 3 branches of the dungeon, and saw 20 of its levels.

You collected 1598 gold pieces.

Inventory:

Hand Weapons
 a - a +1 flail of protection (weapon)
 b - a +1 hand crossbow of flaming
 F - a cursed +3 flail of freezing
Missiles
 j - 200 bolts
Armour
 h - a +3 buckler of protection (worn)
 q - +0 fire dragon scales
 t - a +1 pair of gloves of strength (worn)
 x - the +7 ring mail of the Lion (worn) {+Fly rElec rF+}
   (You found it on level 10 of the Dungeon)

   It protects you from fire.
   It insulates you from electricity.
   It lets you fly.
 I - the +2 pair of boots of the Sea (worn) {rN+++ MR- Int+5 Dex+2}
   (Okawaru gifted it to you on level 3 of the Lair of Beasts)

   It affects your intelligence (+5).
   It affects your dexterity (+2).
   It renders you almost immune to negative energy.
   It affects your resistance to hostile enchantments.
 J - a +2 cloak of preservation (worn)
Jewellery
 n - an uncursed ring of ice
 o - an uncursed amulet of reflection
 v - a +6 ring of dexterity (right hand)
 E - a ring of positive energy (left hand)
 M - the amulet "Cociofre" (around neck) {Reflect rPois rC- rN+ Dex+9 SH+5}
   (You found it on level 5 of the Lair of Beasts)

   [amulet of reflection]

   It shields you and reflects attacks.
   It affects your dexterity (+9).
   It makes you vulnerable to cold.
   It protects you from poison.
   It protects you from negative energy.
   It affects your SH (+5).
Wands
 r - a wand of flame (31)
 K - a wand of random effects (45)
Scrolls
 c - 3 scrolls of silence
 l - 11 scrolls of teleportation
 m - 3 scrolls of remove curse
 u - 4 scrolls of identify
 G - 2 scrolls of amnesia
 H - 2 scrolls of fog
 Q - 2 scrolls of fear
 R - 2 scrolls of magic mapping
 U - a scroll of blinking
Potions
 e - 5 potions of stabbing
 g - 4 potions of curing
 i - 6 potions of flight
 k - 3 potions of brilliance
 p - a potion of haste
 s - 2 potions of resistance
 z - a potion of invisibility
 A - a potion of berserk rage
 C - a potion of cancellation
Miscellaneous
 y - a phial of floods
 T - a lightning rod (4/4)
Comestibles
 f - 27 rations
 w - 2 chunks of flesh


   Skills:
 + Level 12.7(17.7) Fighting
 + Level 14.6(19.6) Maces & Flails
 + Level 10.1(15.1) Crossbows
 + Level 10.6(15.6) Armour
 + Level 7.1(12.1) Dodging
 + Level 2.5(7.5) Stealth
 + Level 14.4(19.4) Shields
 + Level 0.7(5.7) Unarmed Combat
 + Level 5.6 Invocations
 + Level 0.5 Evocations


You had 13 spell levels left.
You didn't know any spells.
Your spell library contained the following spells:

 Spells                   Type           Power        Failure   Level  Hunger
 Beastly Appendage        Tmut           #.....       43%         1    ##.....
 Corona                   Hex            #......      43%         1    ##.....
 Freeze                   Ice            #...         43%         1    ##.....
 Magic Dart               Conj           #...         43%         1    ##.....
 Blink                    Tloc           N/A          58%         2    ###....
 Call Imp                 Summ           #.......     58%         2    ###....
 Ensorcelled Hibernation  Hex/Ice        #.....       58%         2    ###....
 Slow                     Hex            #.......     58%         2    ###....
 Sticks to Snakes         Tmut           #.......     58%         2    ###....
 Swiftness                Chrm/Air       #.......     58%         2    ###....
 Confusing Touch          Hex            #.......     82%         3    ####...
 Conjure Flame            Conj/Fire      #.......     82%         3    ####...
 Dazzling Flash           Conj/Hex       #.....       82%         3    ####...
 Frozen Ramparts          Ice            #.....       82%         3    ####...
 Ignite Poison            Fire/Tmut/Pois #.......     82%         3    ####...
 Mephitic Cloud           Conj/Pois/Air  #.......     82%         3    ####...
 Ozocubu's Armour         Chrm/Ice       #.......     82%         3    ####...
 Spider Form              Tmut/Pois      #.........   82%         3    ####...
 Tukima's Dance           Hex            #.......     82%         3    ####...
 Hailstorm                Conj/Ice       #.......     99%         4    #####..
 Ice Form                 Ice/Tmut       #.......     99%         4    #####..
 Summon Ice Beast         Ice/Summ       #.......     99%         4    #####..
 Blade Hands              Tmut           #.........   100%        5    ######.
 Bolt of Magma            Conj/Fire/Erth #.........   100%        5    ######.
 Excruciating Wounds      Chrm/Necr      #.........   100%        5    ######.
 Fireball                 Conj/Fire      #.........   100%        5    ######.
 Iskenderun's Battlesphe  Conj/Chrm      #.......     100%        5    ######.
 Iron Shot                Conj/Erth      #.........   100%        6    #######
 Simulacrum               Ice/Necr       #.........   100%        6    #######
 Starburst                Conj/Fire      #.........   100%        6    #######
 Orb of Destruction       Conj           #.........   100%        7    #######
 Ring of Flames           Chrm/Fire      #.........   100%        7    #######
 Spellforged Servitor     Conj/Summ      #.........   100%        7    #######
 Ignition                 Fire           #.........   100%        8    #######


Dungeon Overview and Level Annotations

Branches:
Dungeon (13/15)            Temple (1/1) D:6            Lair (6/6) D:9
 Shoals (0/4) Lair:4       Spider (0/4) Lair:3        Slime (0/5) Lair:6
    Orc (0/2) D:12
 Vaults: D:13-14

Altars:
Ashenzari
Cheibriados
Dithmenos
Elyvilon
Fedhas
Gozag
Hepliaklqana
Kikubaaqudgha
Makhleb
Nemelex Xobeh
Okawaru
Qazlal
Ru
Sif Muna
Trog
Uskayaw
Vehumet
Wu Jian
Xom
Yredelemnul
Zin
The Shining One

Shops:
D:10 *   D:13 (

Annotations:
D:13 melvinkitnick's ghost, journeyman TrMo
Lair:2 3 runed translucent doors, Cato's ghost, journeyman DECj; Pechyafi's ghost, journeyman DDEE; Suk Xiy's ghost, journeyman DrTm; Ycoxteos's ghost, journeyman DEWz; Zet Ruschy's ghost, journeyman DsFi


Innate Abilities, Weirdness & Mutations

You reflexively headbutt those who attack you in melee.
You have a pair of horns on your head.


Message History

Melvinkitnick's ghost is severely damaged.
You block melvinkitnick's ghost's attack.
You barely miss melvinkitnick's ghost.
Melvinkitnick's ghost is severely damaged.
You miss melvinkitnick's ghost.
Your headbutt misses melvinkitnick's ghost.
Melvinkitnick's ghost is severely damaged.
You block melvinkitnick's ghost's attack.
You thump melvinkitnick's ghost! You headbutt melvinkitnick's ghost!
Melvinkitnick's ghost is almost destroyed.
You block melvinkitnick's ghost's attack.
You barely miss melvinkitnick's ghost.
Your headbutt misses melvinkitnick's ghost.
Melvinkitnick's ghost is almost destroyed.
You sock melvinkitnick's ghost!
Your headbutt misses melvinkitnick's ghost.
Melvinkitnick's ghost is almost destroyed.
Melvinkitnick's ghost says, "There is no future for me!"
Melvinkitnick's ghost hits you!
You die...

...........#........#.......#....
...........#........###.....###..
...........#..........#.......#..
...........#..........#.......###
...........#..........#..........
...........###........#.#########
.......##'##!#.##+#+###.#........
.......#..#._'..W.......#........
.>.....#|.##$#..@.......#........
###....#######.#.######.+........
#.>............# #.#####....
#...........(..# #.....#####
##.............# #..........
#.............######..........
#.............................
#..............#####..........
#..............#...'..........


You could see melvinkitnick's ghost.

Vanquished Creatures
  Rupert (D:13)
  Kirke (Lair:5)
  Snorg (Lair:3)
  Josephine (D:11)
  2 fire dragons (Lair:6)
  Harold (D:8)
  3 hydras
  A catoblepas (Lair:2)
  A dancing weapon (D:13)
  2 two-headed ogres
  An unseen horror (D:10)
  A swamp dragon (Lair:6)
  2 lindwurms (Lair:6)
  An oklob plant (Lair:3)
  2 deep elf magi (D:12)
  An ugly thing (D:12)
  3 manticores
  4 black mambas
  6 torpor snails
  12 spiny frogs
  A kobold demonologist (D:12)
  3 rime drakes (Lair:6)
  5 komodo dragons
  5 trolls
  A troll (shapeshifter) (D:13)
  2 jumping spiders (Lair:3)
  A polar bear (Lair:6)
  Grinder (D:3)
  3 tyrant leeches (Lair:6)
  6 hornets (Lair:6)
  14 blink frogs
  A snapping turtle (Lair:4)
  12 hippogriffs
  A vampire (D:9)
  2 redbacks (Lair:3)
  A spriggan (D:7)
  A spriggan (shapeshifter) (D:13)
  3 wraiths (D:11)
  A shadow (D:13)
  2 wyverns
  34 yaks
  6 basilisks
  3 hogs (Lair:5)
  8 vampire mosquitoes (D:12)
  4 hungry ghosts
  Menkaure (D:5)
  An acid dragon (Lair:6)
  4 porcupines
  3 swamp worms (Lair:1)
  8 water moccasins
  A soldier ant (D:11)
  Duvessa (D:5)
  3 swamp drakes (Lair:6)
  7 orc warriors
  3 ice beasts
  6 sky beasts
  2 necrophages
  6 ogres
  A phantom (D:8)
  12 centaurs
  8 crocodiles
  A big kobold (D:13)
  Blork the orc (D:5)
  16 bullfrogs
  A wyvern zombie (D:9)
  2 wyvern skeletons
  Dowan (D:5)
  A troll zombie (D:12)
  3 scorpions
  3 wights (D:7)
  9 killer bees
  An electric eel (Lair:4)
  5 crimson imps
  2 bullfrog zombies
  2 howler monkeys
  3 jellies
  3 centaur zombies
  2 bullfrog skeletons
  5 centaur skeletons
  5 hounds
  11 orc priests
  Crazy Yiuf (D:7)
  13 orc wizards
  6 iguanas
  Ijyb (D:5)
  9 worker ants
  5 ogre zombies (D:12)
  7 gnolls
  17 adders
  2 shadow imps
  5 oozes (Lair:6)
  An adder zombie (D:10)
  4 worms
  3 dart slugs
  2 leopard geckos
  37 orcs
  6 giant cockroaches
  A goblin (D:1)
  6 hobgoblins
  7 jackals
  3 quokkas
  3 ball pythons
  11 bats
  3 goblin zombies (D:12)
  A hobgoblin skeleton (D:12)
  2 hobgoblin zombies (D:12)
  15 kobolds
  A leopard gecko skeleton (D:6)
  2 orc skeletons (D:12)
  11 orc zombies (D:12)
  2 quokka skeletons
  5 rats
  A fungus (D:9)
  3 plants
508 creatures vanquished.

Vanquished Creatures (others)
  A swamp drake (Lair:6)
  An iguana (Lair:6)
  An orc wizard (D:8)
  5 fungi (Lair:6)
  19 plants
27 creatures vanquished.

Grand Total: 535 creatures vanquished

Notes
Turn   | Place    | Note
-------+----------+-------------------------------------------
     0 | D:1      | funkygono the Minotaur Fighter began the quest for the Orb.
     0 | D:1      | Reached XP level 1. HP: 19/19 MP: 0/0
   246 | D:1      | Found a shimmering altar of Xom.
   494 | D:1      | Reached XP level 2. HP: 27/27 MP: 1/1
   939 | D:2      | Reached XP level 3. HP: 33/33 MP: 2/2
   997 | D:2      | Reached skill level 1 in Dodging
  1229 | D:2      | Reached XP level 4. HP: 29/40 MP: 3/3
  1844 | D:3      | Reached XP level 5. HP: 43/46 MP: 1/4
  2024 | D:3      | Found a shattered altar of Ashenzari.
  2179 | D:3      | Noticed Grinder
  2202 | D:3      | Killed Grinder
  2202 | D:3      | Reached skill level 5 in Maces & Flails
  2202 | D:3      | Reached skill level 5 in Shields
  2202 | D:3      | Reached XP level 6. HP: 42/53 MP: 1/5
  2553 | D:4      | Reached skill level 5 in Armour
  2653 | D:4      | Found a white marble altar of Elyvilon.
  2684 | D:4      | Reached XP level 7. HP: 31/60 MP: 2/6
  2687 | D:4      | HP: 3/60 [orc priest/divine providence (14)]
  2979 | D:4      | Found a shimmering blue altar of Sif Muna.
  3417 | D:4      | Found a basalt altar of Yredelemnul.
  3695 | D:5      | Entered Level 5 of the Dungeon
  3720 | D:5      | Noticed Menkaure
  3720 | D:5      | Noticed Dowan
  3720 | D:5      | Noticed Duvessa
  3725 | D:5      | Killed Dowan
  3727 | D:5      | Killed Menkaure
  3731 | D:5      | Killed Duvessa
  4012 | D:5      | Reached skill level 5 in Fighting
  4012 | D:5      | Reached XP level 8. HP: 55/68 MP: 7/7
  4140 | D:5      | Noticed Ijyb
  4165 | D:5      | Killed Ijyb
  4254 | D:5      | Noticed Blork the orc
  4275 | D:5      | Killed Blork the orc
  4747 | D:6      | Noticed a hippogriff
  4755 | D:6      | Killed a hippogriff
  4775 | D:6      | Found a shadowy altar of Dithmenos.
  5102 | D:6      | Reached skill level 1 in Stealth
  5312 | D:6      | Found a staircase to the Ecumenical Temple.
  5318 | Temple   | Entered the Ecumenical Temple
  5337 | Temple   | Became a worshipper of Warmaster Okawaru
  5534 | D:7      | Reached XP level 9. HP: 48/75 MP: 8/8
  5946 | D:7      | Reached * piety under Okawaru
  6192 | D:7      | Found a runed translucent door.
  6200 | D:7      | Noticed Crazy Yiuf
  6417 | D:7      | Killed Crazy Yiuf
  6587 | D:8      | Reached skill level 10 in Maces & Flails
  6703 | D:8      | Reached ** piety under Okawaru
  6727 | D:8      | Reached skill level 10 in Shields
  6817 | D:8      | Noticed Harold
  6837 | D:8      | Killed Harold
  6837 | D:8      | Reached XP level 10. HP: 54/84 MP: 9/9
  6860 | D:8      | Found a bloodstained altar of Trog.
  6895 | D:8      | Reached *** piety under Okawaru
  7050 | D:8      | Found a glowing golden altar of the Shining One.
  7987 | D:9      | Reached **** piety under Okawaru
  8243 | D:9      | Found a staircase to the Lair.
  8248 | D:9      | Noticed a two-headed ogre
  8260 | D:9      | Killed a two-headed ogre
  8266 | D:9      | Reached skill level 1 in Crossbows
  8543 | D:9      | Received a gift from Okawaru
  8621 | D:9      | Reached XP level 11. HP: 84/95 MP: 8/10
  8982 | D:10     | Entered Level 10 of the Dungeon
  9072 | D:10     | Got a scorched ring mail
  9083 | D:10     | Identified the +7 ring mail of the Lion {+Fly rElec rF+}
                  | (You found it on level 10 of the Dungeon)
  9150 | D:10     | Found an opulent altar of Gozag.
  9150 | D:10     | Found Gozag's Platinum Reserve.
  9245 | D:10     | Killed an unseen horror
 10161 | D:11     | Reached ***** piety under Okawaru
 10161 | D:11     | Reached skill level 1 in Invocations
 10638 | D:11     | Noticed Josephine
 10648 | D:11     | Killed Josephine
 10648 | D:11     | Reached skill level 5 in Crossbows
 10652 | D:11     | Received a gift from Okawaru
 11195 | Lair:1   | Entered Level 1 of the Lair of Beasts
 11489 | Lair:1   | Reached skill level 10 in Fighting
 11489 | Lair:1   | Reached XP level 12. HP: 106/106 MP: 9/12
 11662 | Lair:1   | Upgraded the game from 0.25.0-11-g1f837a76a1 to
                  | 0.25.0-15-gac7dcb8919
 11843 | Lair:1   | You fall into a shaft and drop 1 floor!
 12169 | Lair:2   | You fall into a shaft and drop 1 floor!
 12265 | Lair:3   | Received a gift from Okawaru
 12665 | Lair:3   | Identified the Papyrus of Freezing Self-Knowledge
 12939 | Lair:3   | Noticed Snorg
 12955 | Lair:3   | Killed Snorg
 12955 | Lair:3   | Received a gift from Okawaru
 12968 | Lair:3   | Found a hole to the Spider Nest.
 12975 | Lair:3   | Got a pair of polished boots {god gift}
 12993 | Lair:3   | Identified the +2 pair of boots of the Sea {rN+++ MR- Int+5
                  | Dex+2} (Okawaru gifted it to you on level 3 of the Lair of
                  | Beasts)
 13231 | Lair:3   | Found a runed translucent door.
 13238 | Lair:3   | Noticed a seven-headed hydra
 13292 | Lair:3   | Killed a seven-headed hydra
 13292 | Lair:3   | Reached skill level 5 in Dodging
 13884 | Lair:2   | Found a runed translucent gate.
 13885 | Lair:2   | Found a runed translucent gate.
 13954 | Lair:2   | Found a runed translucent gate.
 13956 | Lair:2   | Noticed Suk Xiy's ghost (journeyman DrTm)
 13973 | Lair:2   | Noticed a catoblepas
 13998 | Lair:2   | Killed a catoblepas
 14021 | Lair:2   | Noticed Cato's ghost (journeyman DECj)
 14022 | Lair:2   | Noticed Pechyafi's ghost (journeyman DDEE)
 14022 | Lair:2   | Noticed Ycoxteos's ghost (journeyman DEWz)
 14022 | Lair:2   | Noticed Zet Ruschy's ghost (journeyman DsFi)
 14023 | Lair:2   | Found the +8 Wrath of Trog {antimagic, *Rage}
 14592 | Lair:1   | Reached XP level 13. HP: 116/116 MP: 13/13
 15196 | Lair:4   | Reached skill level 10 in Armour
 15726 | Lair:4   | Found a staircase to the Shoals.
 15882 | Lair:5   | You fall into a shaft and drop 1 floor!
 15882 | Lair:6   | Entered Level 6 of the Lair of Beasts
 16238 | Lair:6   | Received a gift from Okawaru
 16448 | Lair:6   | Found a runed translucent door.
 16452 | Lair:6   | Noticed a fire dragon
 16483 | Lair:6   | Killed a fire dragon
 16611 | Lair:6   | Received a gift from Okawaru
 16705 | Lair:6   | Found a staircase to the Slime Pits.
 18085 | Lair:6   | Reached skill level 5 in Invocations
 18091 | Lair:6   | Noticed a fire dragon
 18106 | Lair:6   | Killed a fire dragon
 18795 | Lair:5   | Got a clouded iron amulet
 18796 | Lair:5   | Identified the amulet "Cociofre" {Reflect rPois rC- rN+
                  | Dex+9 SH+5} (You found it on level 5 of the Lair of Beasts)
 18826 | Lair:5   | Got a steaming robe
 18910 | Lair:5   | Noticed Kirke
 18976 | Lair:5   | Killed Kirke
 19546 | Lair:5   | Identified the +1 robe "Byir" {rPois rF++ rN+ Str-3} (You
                  | found it on level 5 of the Lair of Beasts)
 19815 | D:12     | Reached XP level 14. HP: 126/126 MP: 14/17
 20081 | D:12     | Found a staircase to the Orcish Mines.
 20816 | D:13     | Found a runed translucent door.
 20816 | D:13     | Found a shimmering altar of Xom.
 20816 | D:13     | Noticed melvinkitnick's ghost (journeyman TrMo)
 21335 | D:13     | Noticed Rupert
 21357 | D:13     | Killed Rupert
 21357 | D:13     | Reached skill level 10 in Crossbows
 21488 | D:13     | Found Lisiad Vitho's Weapon Shop.
 21611 | D:13     | HP: 3/127 [melvinkitnick's ghost (13)]
 21620 | D:13     | Slain by melvinkitnick's ghost

Illustrated notes

Levels and vault maps discovered:
D:1:      dpeg_arrival_oval, layout_basic, serial_rivers,
          chequers_serial_rivers_micro_d, chequers_serial_rivers_micro_c,
          chequers_serial_rivers_micro_b, chequers_serial_rivers_room_b,
          chequers_serial_rivers_large_a, xom_teletrap_fun
D:2:      layout_basic
D:3:      layout_basic, lemuel_crystal_altar, corexii_item_surrounded_by_moat,
          uniq_grinder
D:4:      layout_loops_ring, lemuel_coloured_pillars_altar, minitemple,
          first_ration, minmay_quadrilaterals
D:5:      layout_basic, uniq_ijyb, uniq_blork_the_orc, uniq_menkaure,
          uniq_duvessa
D:6:      layout_basic, grunt_dithmenos_smoke_and_mirrors,
          minmay_temple_entry_enclosed_plants
D:7:      layout_rooms, the_bakery, uniq_crazy_yiuf_cottage
D:8:      layout_basic, tso_altar, nicolae_overflow_hidden_temple, uniq_harold
D:9:      layout_roguey, dpeg_oklobed_lair, kennysheep_another_room
D:10:     layout_big_octagon, nicolae_gozag_zags_fifth_avenue
D:11:     layout_cave_pools, uniq_josephine
D:12:     layout_roguey, zombieorc1_lemuel, grunt_ministairs_4,
          minmay_misc_feat_rugged, drop_trap, roderic_roman_lattice
D:13:     layout_irregular_city, serial_shops, shop, ebering_ghost_xom,
          uniq_rupert
Temple:   regret_index_temple_waves
Lair:1:   layout_cave_pods, worms_lemuel, serial_bayou_shore_b,
          infiniplex_staircase_pool_2
Lair:2:   layout_gridlike, gammafunk_ghost_cemetery, grunt_megastairs_4,
          infiniplex_staircase_pool
Lair:3:   layout_misc_corridors, spider_nest_entry_funnel_web,
          minmay_lair_oklob_items, pf_torpor_hydra, uniq_snorg
Lair:4:   layout_concentric_octagons, minmay_shoals_entry_hut,
          grunt_megastairs_1
Lair:5:   layout_misc_corridors, uniq_kirke
Lair:6:   guppyfry_lair_end_dragon, layout_gridlike, wormcave,
          nicolae_slime_entry_slimehenge

Skill      XL: |  1  2  3  4  5  6  7  8  9 10 11 12 13 14 |
---------------+-------------------------------------------+-----
Maces & Flails | 3 4 5 6 7 9 10 12 13 14 | 14.6
Shields        | 4 5 6 8 10 11 12 13 14 | 14.4
Dodging        | 1 2 3 5 6 7 |  7.1
Armour         | 4 5 7 8 9 10 | 10.6
Fighting       | 4 5 6 8 10 11 12 | 12.7
Stealth        | 1 2 |  2.5
Crossbows      | 1 5 7 9 10 | 10.1
Invocations    | 1 2 5 |  5.6
Unarmed Combat | |  0.7
Evocations     | |  0.5

Action                   |  1- 3 |  4- 6 |  7- 9 | 10-12 | 13-15 || total
-------------------------+-------+-------+-------+-------+-------++-------
Melee: Flail             |    66 |    30 |   320 |   573 |   444 ||  1433
       Headbutt          |     9 |    22 |    85 |   180 |   153 ||   449
       Whip              |       |   103 |    27 |       |       ||   130
       Hand crossbow     |       |       |       |     1 |       ||     1
       Unarmed           |       |       |       |       |    12 ||    12
 Fire: Hand crossbow     |       |       |       |   186 |   239 ||   425
Invok: Heroism           |       |       |       |    42 |    25 ||    67
       Finesse           |       |       |       |       |     1 ||     1
 Abil: Evoke Flight      |       |       |       |     1 |       ||     1
Evoke: Wand              |       |       |       |     4 |       ||     4
       Phial of floods   |       |       |       |       |     1 ||     1
  Use: Scroll            |     3 |     5 |     9 |    12 |     7 ||    36
       Potion            |       |       |     2 |       |     9 ||    11
 Stab: Confused          |       |       |       |       |     1 ||     1
  Eat: Chunk             |     1 |     5 |    13 |    18 |    12 ||    49
       Ration            |       |       |       |     2 |     3 ||     5
Armor: Scale mail        |    35 |     2 |       |       |       ||    37
       Plate armour      |       |    53 |   146 |    76 |       ||   275
       Ring mail         |       |       |       |   170 |   151 ||   321
Dodge: Dodged            |    18 |    29 |    70 |   227 |   247 ||   591
Block: Kite shield       |    41 |    73 |   215 |   187 |       ||   516
       Buckler           |       |       |       |   131 |   262 ||   393
       Other             |       |       |       |       |     7 ||     7
       Reflection        |       |       |       |       |     5 ||     5
